 Dungeon Crawl Stone Soup version 0.27-a0-1332-g84bddb5ca7 (webtiles) character file.

Game seed: 10168337714424193591

76 nyamberluvr69 the Vexing (level 4, 0/30 HPs)
             Began as a Vampire Enchanter on June 25, 2021.
             Succumbed to an adder's poison
             ... on level 3 of the Dungeon.
             The game lasted 00:05:31 (2122 turns).

nyamberluvr69 the Vexing (Vampire Enchanter)        Turns: 2122, Time: 00:05:31

Health: 0/30       AC:  2    Str:  7    XL:     4   Next: 12%
Magic:  3/7        EV: 12    Int: 18    God:
Gold:   53         SH:  0    Dex: 14    Spells: 4/7 levels left

rFire    . . .     SeeInvis +   a - +1 dagger
rCold    + . .     Faith    .   (no shield)
rNeg     . . .     Spirit   .   b - +0 robe
rPois    .         Reflect  .   (no helmet)
rElec    .         Harm     .   (no cloak)
rCorr    .         Rampage  .   (no gloves)
Will     .....                  (no boots)
Stlth    +++.......             (no amulet)
HPRegen  0.30/turn              m - ring of protection from cold
MPRegen  0.10/turn              (no ring)

@: lethally poisoned (0 -> -9), very slightly contaminated, healing quickly
A: alive, fangs 3, see invisible, vampiric 2
a: Exsanguinate


You were on level 3 of the Dungeon.
You visited 1 branch of the dungeon, and saw 3 of its levels.

You collected 83 gold pieces.
You spent 30 gold pieces at shops.

Inventory:

Hand Weapons
 a - a +1 dagger (weapon)
 l - a +0 short sword
Armour
 b - a +0 robe (worn)
Magical Staves
 j - a staff of death
Jewellery
 m - a ring of protection from cold (left hand)
Scrolls
 c - a scroll of magic mapping {unknown}
 d - 2 scrolls of amnesia {unknown}
 e - 3 scrolls of fear {unknown}
 h - a scroll of identify {unknown}
 i - a scroll of teleportation {unknown}
Potions
 f - a potion of invisibility {unknown}
 g - 3 potions of curing
 k - a potion of heal wounds {unknown}


   Skills:
 - Level 1.1 Short Blades
 - Level 2.1 Dodging
 - Level 4.4 Stealth
 - Level 2.0 Spellcasting
 + Level 7.3 Hexes


You had 4 spell levels left.
You knew the following spells:

 Your Spells              Type           Power      Damage    Failure   Level
a - Corona                Hex            31%        N/A       1%          1
b - Ensorcelled Hibernat  Hex/Ice        30%        N/A       6%          2

Your spell library contained the following spells:

 Spells                   Type           Power      Damage    Failure   Level
 Confusing Touch          Hex            28%        N/A       2%          3
 Tukima's Dance           Hex            28%        N/A       2%          3
 Dazzling Flash           Conj/Hex       30%        N/A       12%         3


Dungeon Overview and Level Annotations

Branches:
Dungeon (3/15)

Altars:

Shops:
D:1 !


Innate Abilities, Weirdness & Mutations

Your natural rate of healing is accelerated.
You have razor-sharp teeth.
You have supernaturally acute eyesight. (SInv)
You are afflicted with vampirism and can become a bat while bloodless.


Message History

The adder is moderately wounded.
The adder bites you.
You are poisoned.
The adder poisons you!
You hit the adder but do no damage.
The adder is moderately wounded.
You feel sick. The adder bites you.
You are more poisoned.
The adder poisons you! The adder closely misses you.
You hit the adder.
The adder is moderately wounded.
You feel sick. The adder bites you.
Casting: Ensorcelled Hibernation (safe; 6% risk of failure)
Confirm with . or Enter, or press ? or * to list all spells.
Aiming: Ensorcelled Hibernation (safe; 6% risk of failure)
Press: ? - help, Shift-Dir - straight line, f - adder
Aim: an adder (moderately wounded, chance to affect: 54%)
You miscast Ensorcelled Hibernation.
You are very lightly contaminated with residual magic.
Nothing appears to happen.
You feel sick. The adder bites you.
You barely miss the adder.
The adder is moderately wounded.
You feel sick. The adder closely misses you.
Casting: Ensorcelled Hibernation (safe; 6% risk of failure)
Confirm with . or Enter, or press ? or * to list all spells.
Aiming: Ensorcelled Hibernation (safe; 6% risk of failure)
Press: ? - help, Shift-Dir - straight line, f/p - adder
Aim: an adder (moderately wounded, chance to affect: 54%)
The adder resists with significant effort.
You feel sick. The adder bites you.
* * * LOW HITPOINT WARNING * * *
You are more poisoned.
The adder poisons you! The adder bites you.
* * * LOW HITPOINT WARNING * * *
You are more poisoned.
The adder poisons you!
Unknown command.
* * * LOW HITPOINT WARNING * * *
You feel sick.
You die...

..... .# ..#.# #.#
#.#.# #.#
....######### #.#
###.#.........# #.#
..#.#.........# #.#
#.#.#.........###.#
..................#
#.#.#.........##@.#
#.#.........#####.#
#.#####...#.# #S#
....# #...#.# #.#
#.#.# #...#.# #w.
#.#†# #...++# #...
#.#.# #.... ....#
#.#.# ...#.. ....#
#.#.#....#..b ..#.#


You could see a worm and an adder.

Vanquished Creatures
  An adder (D:2)
  A worm (D:2)
  3 dart slugs (D:2)
  4 endoplasms
  6 giant cockroaches
  4 goblins
  3 hobgoblins
  13 jackals
  4 quokkas
  4 ball pythons (D:2)
  A bat (D:2)
  4 frilled lizards
  A kobold (D:2)
  A rat (D:2)
50 creatures vanquished.

Notes
Turn   | Place    | Note
-------+----------+-------------------------------------------
     0 | D:1      | nyamberluvr69 the Vampire Enchanter began the quest for the
                  | Orb.
     0 | D:1      | Reached XP level 1. HP: 13/13 MP: 3/3
   193 | D:1      | Reached skill level 5 in Hexes
   236 | D:1      | Reached XP level 2. HP: 5/19 MP: 1/5
   290 | D:1      | Learned a level 2 spell: Ensorcelled Hibernation
   496 | D:1      | Reached skill level 6 in Hexes
   627 | D:1      | Gained mutation: You are afflicted with vampirism and can
                  | become a bat while bloodless. [Vampire growth]
   627 | D:1      | Reached XP level 3. HP: 24/24 MP: 6/6
   773 | D:1      | Found Tuer Qah's Distillery.
   989 | D:1      | Bought a potion of curing for 30 gold pieces
  1232 | D:2      | Found a faded altar of an unknown god.
  1314 | D:2      | Reached skill level 7 in Hexes
  1593 | D:2      | Reached XP level 4. HP: 30/30 MP: 7/7
  2122 | D:3      | Succumbed to an adder's poison

Illustrated notes

Levels and vault maps discovered:
D:1:      evilmike_arrival_rings, layout_loops_ring, serial_shops,
          nicolae_square_shop, minmay_worlds_worst_comb
D:2:      layout_basic, basic_ecumenical_altar, item_on_display_a
D:3:      layout_basic

Skill      XL: |  1  2  3 |
---------------+----------+-----
Hexes          | 5 6 7 |  7.3
Short Blades   | |  1.1
Dodging        | |  2.1
Stealth        | |  4.4
Spellcasting   | |  2.0

Action                   |  1- 3 |  4- 6 || total
-------------------------+-------+-------++-------
Melee: Dagger            |   193 |    32 ||   225
       Bite              |    12 |     3 ||    15
 Cast: Corona            |     8 |       ||     8
       Ensorcelled Hiber |    13 |     3 ||    16
 Stab: Sleeping          |    15 |     2 ||    17
Armor: Robe              |    28 |     6 ||    34
Dodge: Dodged            |   134 |    12 ||   146

Table legend: (Time is in decaauts)
 A = Elapsed time spent in this place.
 B = Non-inter-level travel time spent in this place.
 C = Inter-level travel time spent in this place.
 D = Time resting spent in this place.
 E = Time spent auto-exploring this place.
 F = Levels seen in this place.
 G = Mean time per level.
                   A        B        C        D        E       F      G
               +--------+--------+--------+--------+--------+-----+--------+
         Total |   2108 |   2054 |     54 |    161 |   1370 |   3 |  702.7 |
       Dungeon |   2108 |   2054 |     54 |    161 |   1370 |   3 |  702.7 |
               +--------+--------+--------+--------+--------+-----+--------+

Top non-repeatable levels by time:
     D:1: 989 daAuts
     D:2: 964 daAuts
     D:3: 154 daAuts
